 Dungeon Crawl Stone Soup version 0.30.1-9-gdf580d7c3d (webtiles) character file.

Game seed: 11352023574348677885

563 Buhu the Chopper (level 7, -1/61 HPs)
             Began as a Minotaur Berserker on Oct 11, 2023.
             Was a Priest of Trog.
             Slain by TowerOfEmptiness's ghost (13 damage)
             ... on level 3 of the Dungeon.
             The game lasted 00:21:22 (2570 turns).

Buhu the Chopper (Minotaur Berserker)               Turns: 2570, Time: 00:21:23

Health: -1/61      AC:  8    Str: 24    XL:     7   Next: 10%
Magic:  6/6        EV:  9    Int:  4    God:    Trog [***...]
Gold:   129        SH:  7    Dex:  9    Spells: 6/6 levels left

rFire   + . .        t - +2 short sword (protect)
rCold   + . .        N - +0 kite shield
rNeg    . . .        f - +0 scale mail
rPois   .            (helmet restricted)
rElec   .            J - scarf {rC+ rF+}
rCorr   .            (no gloves)
SInv    .            A - +0 pair of boots
Will    .....        (no amulet) Stlth
                     (no ring)
HPRegen 0.30/turn    (no ring)
MPRegen 0.10/turn

%: no passive effects
@: no status effects
A: horns 2, retaliatory headbutt
a: Renounce Religion, Berserk, Trog's Hand


You were on level 3 of the Dungeon.
You worshipped Trog.
Trog was most pleased with you.
You visited 1 branch of the dungeon, and saw 3 of its levels.

You collected 129 gold pieces.

Inventory:

Hand Weapons
 a - a +0 hand axe
 t - a +2 short sword of protection (weapon)
 v - a +0 hand axe
 F - a +0 war axe
 K - a +0 flail
 L - a +0 war axe
 M - a +0 quarterstaff
Missiles
 m - 12 stones (quivered)
 y - 6 poisoned darts
Armour
 b - a +0 animal skin
 f - a +0 scale mail (worn)
 i - a +0 robe
 l - a +0 buckler
 A - a +0 pair of boots (worn)
 E - a +0 scale mail
 J - a scarf of resistance (worn)
 N - a +0 kite shield (worn)
Magical Staves
 u - a staff of air
 B - a staff of air
Jewellery
 C - the amulet "Rotuteam" {Faith *Slow rF+ rC+ Will+}
   (You found it on level 2 of the Dungeon)

   [amulet of faith]

   It allows you to gain divine favour quickly.
   rF:        It protects you from fire.
   rC:        It protects you from cold.
   *Slow:     It may slow you when you take damage.
   Will:      It increases your willpower.
Scrolls
 c - 2 scrolls of teleportation
 g - a scroll of blinking {unknown}
 p - 2 scrolls of enchant weapon {unknown}
 z - 2 scrolls of vulnerability {unknown}
 D - a scroll of fear
Potions
 e - a potion of invisibility {unknown}
 n - 2 potions of attraction
 o - a potion of experience {unknown}
 w - a potion of degeneration {unknown}
 x - 3 potions of magic
 G - a potion of cancellation {unknown}
 H - 2 potions of curing
 I - a potion of might {unknown}


   Skills:
 + Level 5.2 Fighting
 + Level 3.3 Short Blades
 + Level 5.3 Axes
 + Level 0.3 Throwing
 + Level 4.5 Armour
 + Level 3.3 Dodging
 + Level 0.2 Stealth
 + Level 3.2 Shields


You had 6 spell levels left.
You didn't know any spells.
Your spell library contained the following spells:

 Spells                   Type           Power      Damage    Failure   Level
 Ignite Poison            Fire/Tmut/Pois 0%         N/A       100%        3
 Sticky Flame             Conj/Fire      0%         2d3       100%        4
 Ignition                 Fire           0%         3d3       100%        8


Dungeon Overview and Level Annotations

Branches:
Dungeon (3/15)

Altars:
Kikubaaqudgha
Okawaru

Annotations:
D:3 TowerOfEmptiness's ghost, amateur MiFi; TowerOfEmptiness's ghost, amateur TrBe; Valens254's ghost, amateur DjHW; diealot's ghost, amateur SpWr


Innate Abilities, Weirdness & Mutations

You have a pair of horns on your head.
You reflexively headbutt those who attack you in melee.


Message History

TowerOfEmptiness's ghost barely misses you.
Valens254's ghost casts a spell at you.
The ball explodes into a vile cloud!
The stinking cloud engulfs TowerOfEmptiness's ghost but does no damage.
The stinking cloud engulfs the cerulean imp but does no damage.
The stinking cloud engulfs Valens254's ghost but does no damage.
The stinking cloud engulfs you but does no damage.
The cerulean imp hits you but does no damage.
TowerOfEmptiness's ghost whispers, "It is all a dream - a grotesque and foolish dream."
Valens254's ghost gestures at you while chanting.
The ball explodes into a vile cloud!
The stinking cloud engulfs TowerOfEmptiness's ghost but does no damage.
The stinking cloud engulfs you but does no damage.
Valens254's ghost gestures wildly while chanting.
TowerOfEmptiness's ghost feints to the right.
TowerOfEmptiness's ghost attacks as you move away!
TowerOfEmptiness's ghost hits you!
TowerOfEmptiness's ghost attacks as you move away!
You block TowerOfEmptiness's ghost's attack.
You closely miss TowerOfEmptiness's ghost.
You headbutt TowerOfEmptiness's ghost.
TowerOfEmptiness's ghost is moderately damaged.
TowerOfEmptiness's ghost hits you.
You barely miss TowerOfEmptiness's ghost.
TowerOfEmptiness's ghost is moderately damaged.
TowerOfEmptiness's ghost hits you!
* * * LOW HITPOINT WARNING * * *
Found a scroll labelled UFIDGHE VAXA.
TowerOfEmptiness's ghost attacks as you move away!
TowerOfEmptiness's ghost hits you.
* * * LOW HITPOINT WARNING * * *
Valens254's ghost mumbles some strange words.
TowerOfEmptiness's ghost attacks as you move away!
TowerOfEmptiness's ghost barely misses you.
You block the cerulean imp's attack.
TowerOfEmptiness's ghost attacks as you move away!
You block TowerOfEmptiness's ghost's attack.
TowerOfEmptiness's ghost attacks as you move away!
TowerOfEmptiness's ghost hits you!
You die...

## #...#.###.###.....#...# # .###
###†#.#<#.# #....#....# # .'.#
#†#.#.#.# #....#....# ..# .'.##
#.#...#.# #....<....##..#
.'..####†#####.###....#........#
.#....................#.#..#...##
##.####.######..[.... #..........
##......# #.#.######....#....#
##.....# ##.W@...............#
#.†...# #.5##########..####.#
###.....# #..# #..........
..#.....#####?.# #.#..######
..#.....##....W### #.#..###
....##..>........# #.#....#
....##########.#.# #.#..#.##
...##=.8:#####.#W# #.......#
..##8....#...#.#.# #.........#


You could see TowerOfEmptiness's ghost and a cerulean imp (summoned).

Vanquished Creatures
  The ghost of kwasso the Cudgeller, an amateur GrGl (D:3)
  Sigmund (D:2)
  A vampire bat (D:3)
  Natasha (thrice) (D:2)
  4 adders
  A worm (D:2)
  3 dart slugs
  4 bat skeletons (D:3)
  3 bat zombies (D:3)
  5 endoplasms
  2 giant cockroaches (D:1)
  7 goblins
  9 hobgoblins
  6 jackals (D:3)
  3 kobolds (D:1)
  5 quokkas
  5 ball pythons
  6 bats
  4 frilled lizards
  4 rats
77 creatures vanquished.

Notes
Turn   | Place    | Note
-------+----------+-------------------------------------------
     0 | D:1      | Buhu the Minotaur Berserker began the quest for the Orb.
     0 | D:1      | Reached XP level 1. HP: 19/19 MP: 0/0
   202 | D:1      | Reached XP level 2. HP: 27/27 MP: 1/1
   494 | D:1      | Reached ** piety under Trog
   547 | D:1      | Reached XP level 3. HP: 33/33 MP: 2/2
  1026 | D:2      | Identified the amulet "Rotuteam" {Faith *Slow rF+ rC+
                  | Will+}
  1071 | D:2      | Noticed Natasha
  1077 | D:2      | Killed Natasha
  1078 | D:2      | Reached XP level 4. HP: 41/41 MP: 3/3
  1266 | D:2      | Noticed Natasha
  1273 | D:2      | Noticed Sigmund
  1286 | D:2      | Killed Natasha
  1287 | D:2      | Reached skill level 1 in Short Blades
  1308 | D:2      | Noticed Natasha
  1377 | D:2      | Killed Sigmund
  1378 | D:2      | Reached skill level 5 in Axes
  1378 | D:2      | Reached XP level 5. HP: 26/47 MP: 4/4
  1393 | D:2      | Killed Natasha
  1394 | D:2      | Reached XP level 6. HP: 26/53 MP: 5/5
  2003 | D:3      | Found an ancient bone altar of Kikubaaqudgha.
  2060 | D:3      | Reached *** piety under Trog
  2300 | D:3      | Reached skill level 5 in Fighting
  2476 | D:3      | Found an iron altar of Okawaru.
  2507 | D:3      | Found a runed translucent gate.
  2509 | D:3      | Found a runed translucent gate.
  2509 | D:3      | Noticed TowerOfEmptiness's ghost (amateur TrBe)
  2510 | D:3      | Noticed diealot's ghost (amateur SpWr)
  2510 | D:3      | Noticed Valens254's ghost (amateur DjHW)
  2511 | D:3      | Found a runed translucent gate.
  2511 | D:3      | Noticed kwasso's ghost (amateur GrGl)
  2511 | D:3      | Noticed TowerOfEmptiness's ghost (amateur MiFi)
  2533 | D:3      | Killed kwasso's ghost
  2534 | D:3      | Reached XP level 7. HP: 34/61 MP: 6/6
  2570 | D:3      | Slain by TowerOfEmptiness's ghost

Illustrated notes

Levels and vault maps discovered:
D:1:      nzn_arrival_settlement, layout_loops_ring, minmay_nonomino_d4
D:2:      layout_loops_ring, nrook_uturn, minmay_stone_trees_small,
          kennysheep_nondescript, uniq_sigmund, uniq_natasha
D:3:      layout_basic, kennysheep_vampire_church, okawaru_gym_becter,
          gammafunk_ghost_cemetery, minmay_goblin_outpost

Skill      XL: |  1  2  3  4  5  6 |
---------------+-------------------+-----
Axes           | 4 5 |  5.3
Fighting       | 4 5 |  5.2
Armour         | 3 4 |  4.5
Short Blades   | 2 3 |  3.3
Shields        | 2 3 |  3.2
Dodging        | 3 |  3.3
Throwing       | |  0.3
Stealth        | |  0.2

Action                     |  1- 3 |  4- 6 |  7- 9 || total
---------------------------+-------+-------+-------++-------
  Melee: Hand axe          |    53 |       |       ||    53
         Headbutt          |    11 |    15 |     3 ||    29
         Short sword       |    38 |   147 |    17 ||   202
  Throw: Boomerang         |       |     4 |       ||     4
    Use: Scroll            |       |     5 |       ||     5
         Potion            |       |       |     2 ||     2
 Armour: Animal skin       |     1 |       |       ||     1
         Scale mail        |    29 |    85 |     4 ||   118
  Dodge: Dodged            |    52 |   106 |     5 ||   163
  Block: Buckler           |     6 |    25 |       ||    31
         Kite shield       |       |     4 |    10 ||    14
